Cogmind - Beta 9.1 @@@ ROGUE MODE // 2019.11.05 @ 19:56:16 Player: fartblaster Result: Destroyed by Y-45 Defender with Beam Rifle Performance ------------- Evolutions (1) 500 Regions Visited (3) 600 Robots Destroyed (63) 315 Value Destroyed (1343) 1343 Prototype IDs (0) 0 Alien Tech Used (0) 0 Bonus (0) 0 TOTAL SCORE: 2758 Bonus ------- None Cogmind --------- Core Integrity 0/400 Matter 272/300 Energy 55/100 System Corruption 0% Temperature Cool (9) Location -9/Storage Parts ------- Power (1) Propulsion (3) Light Treads Light Treads Utility (3) Large Storage Unit Targeting Computer Weapon (2) Heavy Assault Rifle Inventory (10) Improved Ion Engine Light Deuterium Engine High-capacity Matter Pod (200) Weight Redist. System Structural Scanner Visual Processing Unit Improved Terrain Scanner High-powered Tractor Beam Integration Mediator Mini Grenade Launcher Peak State ------------ Power Light Deuterium Engine Propulsion Light Treads Light Treads Light Treads Utility Large Storage Unit Improved Terrain Scanner Targeting Computer Weapon Heavy Particle Cannon Heavy Assault Rifle Inventory Improved Ion Engine Light Deuterium Engine High-capacity Matter Pod Weight Redist. System Structural Scanner Visual Processing Unit Particle Charger High-powered Tractor Beam Integration Mediator [Rating: 16] Favorites ----------- Power Ion Engine Engine Ion Engine Propulsion Light Treads Treads Light Treads Leg Aluminum Leg Utility Large Storage Unit Device Heat Sink Storage Large Storage Unit Processor Targeting Computer Weapon Assault Rifle Energy Gun EM Shotgun Energy Cannon Heavy Particle Cannon Ballistic Gun Assault Rifle Launcher Grenade Launcher Build | -11 -10 -9 -9 ------- Run | Scr Mat Mat Sto Slots Evolved 2 | . . 2 . Power . | . . . . Propulsion 1 | . . 1 . Utility 1 | . . 1 . Weapon . | . . . . Parts Attached 49 | 7 12 25 5 Power 5 | 1 1 3 . Engine 5 | 1 1 3 . Core . | . . . . Reactor . | . . . . Propulsion 17 | 3 4 7 3 Treads 9 | 1 . 5 3 Leg 8 | 2 4 2 . Wheel . | . . . . Hover . | . . . . Flight . | . . . . Utility 15 | 1 5 8 1 Device 10 | . 2 7 1 Storage 3 | 1 2 . . Processor 2 | . 1 1 . Hackware . | . . . . Protection . | . . . . Artifact . | . . . . Weapon 12 | 2 2 7 1 Energy Gun 3 | . 1 2 . Energy Cannon 1 | . . 1 . Ballistic Gun 6 | 2 . 3 1 Ballistic Cannon . | . . . . Launcher 2 | . 1 1 . Special Weapon . | . . . . Impact Weapon . | . . . . Slashing Weapon . | . . . . Piercing Weapon . | . . . . Special Melee Weapon . | . . . . Unidentified Prototypes . | . . . . Parts Lost 18 | . . 15 3 Power 1 | . . . 1 Propulsion 8 | . . 6 2 Utility 2 | . . 2 . Weapon 7 | . . 7 . Highest Loss Streak 7 | . . 7 2 Average Slot Usage (%) 87 | . 92 85 81 Engine 12 | . 14 11 10 Treads 13 | . . 23 21 Leg 12 | . 27 2 . Device 8 | . 5 9 10 Storage 12 | . 14 11 11 Processor 5 | . . 8 11 Energy Gun 1 | . . 4 . Energy Cannon 2 | . . 1 10 Ballistic Gun 16 | . 26 10 6 Launcher 1 | . 1 2 . Naked Turns . | . . . . Heaviest Build 33 | 13 29 30 33 Greatest Support 60 | 20 20 60 60 Greatest Overweight (x) 7 | . 2 7 1 Average Overweight (x) . | . . . . Largest Inventory Capacity 12 | 6 12 10 10 Average Capacity 9 | 4 10 10 10 Most Carried 10 | 2 10 10 10 Average Carried 6 | 1 7 5 9 Final Capacity 10 | 6 10 10 10 Final Carried 10 | 2 7 9 10 Class Distribution -------------------- 51% | Mutant 48% | Scavenger-Mutant Dominant Class ---------------- Mutant | -10/Materials Scavenger-Mutant | -9/Materials Mutant | -9/Storage Resources | -11 -10 -9 -9 ----------- Run | Scr Mat Mat Sto Matter Collected 1639 | 225 681 619 114 Remotely 121 | . 66 55 . Salvage Created 2181 | . 919 835 427 Parts 130 | . 47 55 28 Haulers Intercepted 2 | . . . 2 Recyclers Shooed 3 | . 1 1 1 Parts Field Recycled . | . . . . Retrieved Matter . | . . . . Parts Self-Destructed . | . . . . Prevented . | . . . . Kills | -11 -10 -9 -9 ------- Run | Scr Mat Mat Sto Combat Hostiles Destroyed 41 | . 13 20 8 Guns 30 | . 10 17 3 Cannons 6 | . . 1 5 AOE 5 | . 3 2 . Classes Destroyed 9 | . 5 3 1 Worker 5 | . 2 2 1 Builder 2 | . . 2 . Tunneler 2 | . . 1 1 Hauler 2 | . . . 2 Recycler 6 | . 5 1 . Watcher 5 | . 3 1 1 Swarmer 15 | . 3 8 4 Grunt 18 | . 10 7 1 Sentry 8 | . . 5 3 Best Kill Streak 10 | . 10 5 5 Combat Bots Only 5 | . 5 4 5 Max Kills in Single Turn 2 | . 2 2 2 Gunslinging 1 | . . 1 . Exploded 1 | . 1 1 . Melee . | . . . . Uniques/NPCs Destroyed . | . . . . Combat | -11 -10 -9 -9 -------- Run | Scr Mat Mat Sto Damage Taken 2842 | . 674 1453 715 Core 527 | . 118 246 163 Absorbed by Shields . | . . . . Core Remaining (%) 76 | 100 52 . . Volleys Fired 202 | . 68 95 39 Largest 2 | . 2 2 2 Hottest 101 | . 40 101 98 Shots Fired 328 | . 126 141 61 Gun 269 | . 116 129 24 Cannon 40 | . . 3 37 Launcher 19 | . 10 9 . Special . | . . . . Kinetic 214 | . 116 74 24 Thermal 67 | . . 30 37 Explosive 19 | . 10 9 . Electromagnetic 28 | . . 28 . Robot Hit Streak 20 | . 8 20 13 Robot Miss Streak 7 | . 3 7 5 Penetration Max . | . . . . Secondary Targets 5 | . 2 3 . Max Gunslinging Chain 1 | . 1 1 . Shots Hit Robots 214 | . 74 102 38 Core Hits 100 | . 36 49 15 Critical Hits 2 | . 2 . . Critical Kills 2 | . 2 . . Critical Parts Destroyed . | . . . . Melee Attacks . | . . . . Impact . | . . . . Slashing . | . . . . Piercing . | . . . . Sneak Attacks . | . . . . Combat Hostiles . | . . . . Follow-up Attacks . | . . . . Damage Inflicted 3380 | . 1207 1332 841 Guns 2140 | . 890 1058 192 Cannons 733 | . . 84 649 Explosions 502 | . 312 190 . Melee . | . . . . Ramming 5 | . 5 . . Kinetic 1588 | . 890 506 192 Thermal 1050 | . . 401 649 Explosive 413 | . 312 101 . Electromagnetic 324 | . . 324 . Impact . | . . . . Slashing . | . . . . Piercing . | . . . . Highest Corruption . | . . . . Average Corruption . | . . . . Corruption Purged . | . . . . Overload Shots . | . . . . Overflow Damage 39 | . 13 10 16 Projectiles 18 | . . 2 16 Explosions 21 | . 13 8 . Melee . | . . . . Knockbacks . | . . . . Impact . | . . . . Kinetic . | . . . . Secondary . | . . . . Self-Inflicted Damage 137 | . 25 112 . Shots 5 | . 1 4 . Rammed 1 | . 1 . . Targets Rammed 1 | . 1 . . Kicked . | . . . . Crushed . | . . . . Highest Temperature 251 | . 4 251 229 Average Temperature 64 | . 2 77 57 Received Heat Transfer 1005 | . 291 528 186 Siege Activations . | . . . . Robots Corrupted . | . . . . Combat Hostiles . | . . . . Parts Fried . | . . . . Impact Corruptions . | . . . . Robots Melted . | . . . . Combat Hostiles . | . . . . Parts Melted 3 | . . 2 1 Heat Transferred 1765 | . . 840 925 Parts Sabotaged . | . . . . Parts Stolen . | . . . . Parts Stripped . | . . . . Power Chain Reactions 2 | . . 2 . Missiles Intercepted . | . . . . Alert | -11 -10 -9 -9 ------- Run | Scr Mat Mat Sto Peak Influence 292 | . 194 292 286 Average Influence 121 | . 71 153 175 Maximum Alert Level 1 | . . 1 1 Low Security (%) 80 | . . . . Level 1 19 | . . . . Level 2 . | . . . . Level 3 . | . . . . Level 4 . | . . . . Level 5 . | . . . . High Security . | . . . . Max Security . | . . . . Squads Dispatched 4 | . 3 1 . Investigation 2 | . 2 . . Extermination . | . . . . Reinforcement 2 | . 1 1 . Assault . | . . . . Garrison . | . . . . Intercept . | . . . . Construction Impeded . | . . . . Haulers Reinforced . | . . . . Stealth | -11 -10 -9 -9 --------- Run | Scr Mat Mat Sto Distress Signals 6 | . . 2 4 Communications Jammed . | . . . . Distress Signals . | . . . . Times Spotted 61 | . 19 27 15 Peak Tracking Total 6 | . 5 6 5 Tactical Retreats 1 | . . 1 . Traps | -11 -10 -9 -9 ------- Run | Scr Mat Mat Sto Traps Triggered 4 | . 4 . . Indirectly . | . . . . Trap Hack Attempts . | . . . . Triggered . | . . . . Disarmed . | . . . . Reprogrammed . | . . . . Reused . | . . . . Traps Extracted . | . . . . Installed . | . . . . Triggered . | . . . . Machines | -11 -10 -9 -9 ---------- Run | Scr Mat Mat Sto Machines Disabled 3 | . 1 2 . Max in Single Turn 1 | . 1 1 . Machines Sabotaged . | . . . . Garrisons Compromised . | . . . . Overloaded Fab Kills . | . . . . Fab Network Shutdowns . | . . . . Hacking | -11 -10 -9 -9 --------- Run | Scr Mat Mat Sto Machines Accessed . | . . . . Terminals . | . . . . Fabricators . | . . . . Repair Stations . | . . . . Recycling Units . | . . . . Scanalyzers . | . . . . Garrison Access . | . . . . Total Hacks . | . . . . Successful . | . . . . Failed . | . . . . Catastrophic . | . . . . Database Lockouts . | . . . . Manual . | . . . . Terminals . | . . . . Fabricators . | . . . . Repair Stations . | . . . . Recycling Units . | . . . . Scanalyzers . | . . . . Garrison Access . | . . . . Terminal Hacks . | . . . . Fabricator Hacks . | . . . . Repair Station Hacks . | . . . . Recycling Unit Hacks . | . . . . Scanalyzer . | . . . . Garrison Access Hacks . | . . . . Unauthorized Hacks . | . . . . Terminals . | . . . . Fabricators . | . . . . Repair Stations . | . . . . Recycling Units . | . . . . Scanalyzers . | . . . . Garrison Access . | . . . . Data Cores Recovered . | . . . . Used . | . . . . Hacking Detections . | . . . . Full Trace Events . | . . . . Feedback Events . | . . . . Feedback Blocked . | . . . . Robot Schematics Acquired . | . . . . Robots Built . | . . . . Matter . | . . . . Time . | . . . . Total Robot Build Rating . | . . . . Part Schematics Acquired . | . . . . Parts Built . | . . . . Matter . | . . . . Time . | . . . . Total Part Build Rating . | . . . . Parts Repaired . | . . . . Time . | . . . . Parts Recycled . | . . . . Recycled Matter . | . . . . Retrieved Matter . | . . . . Retrieved Components . | . . . . Parts Scanalyzed . | . . . . Part Schematics Acquired . | . . . . Parts Damaged . | . . . . Bothacking | -11 -10 -9 -9 ------------ Run | Scr Mat Mat Sto Used RIF Installer . | . . . . Robots Hacked . | . . . . Non-combat . | . . . . Combat . | . . . . Robot Hacks Applied . | . . . . Relay Couplers Released . | . . . . Robots Rewired . | . . . . Allies Hacked . | . . . . Hacks Repelled . | . . . . Allies | -11 -10 -9 -9 -------- Run | Scr Mat Mat Sto Total Allies . | . . . . Largest Group . | . . . . Highest-Rated Group . | . . . . Highest-Rated Ally . | . . . . Total Orders . | . . . . Ally Attacks . | . . . . Total Damage . | . . . . Kills . | . . . . Allies Corrupted . | . . . . Allies Melted . | . . . . Intel | -11 -10 -9 -9 ------- Run | Scr Mat Mat Sto Robot Analysis Total . | . . . . Derelict Logs Recovered . | . . . . Drone Launches . | . . . . Drone Recoveries . | . . . . Exploration | -11 -10 -9 -9 ------------- Run | Scr Mat Mat Sto Turns Passed 2965 | 74 1171 1203 517 Spaces Moved 1486 | 56 624 564 242 Core 18 | 8 . 10 . Treads 739 | 3 . 494 242 Legs 729 | 45 624 60 . Wheels . | . . . . Hover . | . . . . Flight . | . . . . Fastest Speed 50 | 50 120 120 160 Average Speed 156 | 112 149 163 168 Slowest Speed 400 | 160 180 400 180 Overloaded Moves . | . . . . Propulsion Burnouts . | . . . . Robots Hopped . | . . . . Cave-ins Triggered . | . . . . Exploration Rate (%) 36 | 3 70 45 28 Regions Visited 3 Branch Regions 1 Pre-discovered Areas . | . . . . Known Exits Taken . | . . . . Unknown Exits Taken 3 | 1 1 1 . Scrap Searched . | . . . . Spaces Dug . | . . . . Terrain Destroyed 129 | . 49 68 12 Melee . | . . . . Projectile 12 | . . . 12 AOE 117 | . 49 68 . Actions | -11 -10 -9 -9 --------- Run | Scr Mat Mat Sto Total 1794 | 64 733 707 290 Wait 19 | . 14 5 . Move 1483 | 55 623 563 242 Hop . | . . . . Pick Up 22 | 1 7 13 1 Fast Attach 22 | 7 3 8 4 Attach 8 | . 1 7 . Detach 3 | 1 2 . . Swap 19 | . 8 10 1 Drop 15 | . 6 6 3 Fire 202 | . 68 95 39 Melee . | . . . . Ram . | . . . . Kick 1 | . 1 . . Crush . | . . . . Escape Stasis . | . . . . Rewire . | . . . . Trap . | . . . . Miscellaneous . | . . . . Route ------- -11/Scrapyard -10/Materials (discovered 3 exits: *Mat x2 / [*Min]) -9/Materials (discovered 2 exits: [*Min] / *Sto) -9/Storage History --------- Turn | Location | Event 4 | -11/Scrapyard | Discovered new exit (range 15) 75 | -11/Scrapyard | Entered Materials 300 | -10/Materials | Build established: Mutant 362 | -10/Materials | Discovered new exit (range 16) 746 | -10/Materials | Discovered new exit (range 15) 953 | -10/Materials | Build established: Scavenger-Mutant 1042 | -10/Materials | Discovered new exit (range 15) 1246 | -10/Materials | Entered another Materials area 1246 | -9/Materials | Evolved 2 slots: Propulsion x1, Utility x1 1393 | -9/Materials | Lost 7 parts (3n2u2w) 1748 | -9/Materials | Discovered new exit (range 16) 2223 | -9/Materials | Discovered new exit (range 9) 2265 | -9/Materials | Lost 3 parts (2n1w) 2265 | -9/Materials | Core integrity fell below 50% 2365 | -9/Materials | Lost 3 parts (1n2w) 2449 | -9/Materials | Entered Storage 2630 | -9/Storage | Build established: Mutant 2877 | -9/Storage | Core integrity fell below 20% 2966 | -9/Storage | Destroyed by Y-45 Defender with Beam Rifle Last Messages --------------- 02941_ R-06 Scavenger collects Prototype Energy Cannon. 02941_ K-01 Serf cleans the Terminal. 02941_ R-06 Scavenger collects Prototype Energy Cannon. 02942_ Dropped Hvy. Particle Cannon. 02943_ Dropped Lgt. Treads. 02943_ Dropped Particle Charger. 02944_ K-01 Serf cleans the Terminal. 02945_ W-16 Scout sends out distress signal. 02946_ K-01 Serf cleans the Terminal. 02949_ Acquired Lgt. Treads. 02949_ K-01 Serf cleans the Terminal. 02952_ U-05 Engineer lays Concrete. 02955_ K-01 Serf cleans the Terminal. 02957_ U-05 Engineer lays Concrete. 02957_ W-16 Scout destroyed. 02959_ K-01 Serf cleans the Terminal. 02960_ K-01 Serf collects debris. 02961_ R-06 Scavenger collects Utility Shielding. 02963_ K-01 Serf destroyed. 02964_ K-01 Serf collects debris. Map ----- +----------------------------------------------------+ | | | | | | | | | | | | | | | | | | | | | | | | | | | | | | | | | | | ????????????????????????#????????????????????????? | | ????????#????????????????????????????????????????? | | ?????#####?????????????????????#?????????????????? | | ????##"""#???????###########?????????????????????? | | ?????#"G"#?#????##"""""#"""#?????????????????????? | | ??####" "#########""T""#"T"################ ??? | | ??# %= ! ?? | | ??# %r % ! ! k %! =%! Y ?? | | ??# u @ Y * ?? | | ??################u#########/############## ??? | | ??????#??????# % #??? ??????????????????? | | ???????????#?# #???""" ?????????????????? | | ?????????????# #??"""" ????????????????? | | ???########### #??"""" ??????????????? | | ???# + """ ""#? % ?????????????? | | #??# ####### """% Y"#?#" "########????????????? | | ??## ! #??# """* ""#??"T"#???????????????????? | | ???# %!#??# #?????????????????????????? | | ???#### ! #??#####+##+##?????????????????????????? | | ??????## ##??????# #??????????????????????????? | | #???#??# #?#????## #??????????????????????????? | | ??????## #??#???## #????????#?????????????????? | | ??????#" #??###### #??????????????????????????? | | ??????## #??#]]]## #??????????????????????????? | | ?####### #??#] ]## #?????? ?#?????????????????? | | ?# ####" "## #??????????????????????????? | | ?# ##### ###T ## #??????????????????????????? | | ?# #??## #?###+### ####??#???????????????????????? | | ?# #??# ### ## #?????????????????????????????? | | ?#%#??# T ###???????????????????????????? | | ?# #??# ### ####??????#??????????????????????? | | ?# #?#####?### ##???#?#??????#???????????????????? | | ?# ########### #????#????????????????????????????? | +----------------------------------------------------+ Best States ------------- Heat Dissipation 38 Energy Generation 14 Energy Capacity 265 Matter Stores 300 Matter Capacity 300 Sight Range 16 Robot Scan Range 10 Terrain Scan Range 16 Terrain Scan Density 10 Evasion (%) 40 Targeting Accuracy 5 Recoil Reduction 3 Particle Charging 15 Item Schematics ----------------- None Robot Schematics ------------------ None Fabricated ------------ Nothing Alien Tech Used ----------------- None Achievements -------------- None Challenges ------------ None Game ------ Seed DerelictBeamProtection Manual? 0 Play Time 00:33:18 Cumulative 11.8 hours Start 2019.11.05 @ 19:21:57 End 2019.11.05 @ 19:56:16 Sessions 1 Manual Loads 0 Difficulty Rogue Special Mode None Game No. 32 Rogue 32 Adventurer 0 Explorer 0 Win Type - Total 0 Types 0/0/0/0/0/0/0 Lore% 7 Gallery% 15 Achievement% 10 Wizard Run 0 Options --------- ASCII 0 Keyboard 1 Movement Numpad Keybinds 0 Fullscreen 1 Font 18/SmallcapsGlow Map View 76x50 Tactical HUD 1 Map Filters NONE Filters NONE Steam 1 RUN: 6c5101cc-1b1d-4827-b43c-371b4520bcdc